Map: Dragon Scales LE

Players

Alex

  • Race: Zerg Zerg
  • League: Diamond
  • Spawn Location: 11:00

NoobToss - Winner!

  • Race: Terran Terran
  • League: Platinum
  • Spawn Location: 5:00

VOD

Have the link to the VOD?

Description

Time

  • Played on: March 19, 2023, 12:59 p.m.
  • Length: 16:15
Show
View Real Time Build Order
Export as new Build Order

Alex Zerg 

Build Orders: Hatch First, Lurkers 

Get SALT Encoding   

  12  0:02  Drone  
  13  0:10  Drone  
  14  0:18  Overlord  
  14  0:38  Drone x3  
  17  0:49  Drone  
  18  1:00  Hatchery  
  17  1:04  Extractor  
  16  1:12  Drone x2  
  18  1:20  Spawning Pool  
  18  1:24  Drone  
  18  1:40  Drone  
  19  2:00  Drone x2  
  21  2:09  Overlord  
  21  2:11  Queen  
  21  2:12  Queen  
  21  2:13  Zergling x2  
  26  2:19  Metabolic Boost  
  26  2:22  Drone  
  27  2:24  Overlord  
  27  2:30  Drone  
  27  2:34  Drone  
  29  2:38  Drone  
  30  2:50  Queen  
  32  2:53  Queen  
  32  2:54  Overlord  
  32  2:57  Drone  
  35  3:04  Drone  
  35  3:05  Drone  
  36  3:07  Drone  
  37  3:20  Drone x2  
  37  3:21  Overlord  
  37  3:22  Zergling x4  
  41  3:33  Queen  
  43  3:38  Hatchery, Zergling x2  
  43  3:39  Zergling x2  
  44  3:42  Drone  
  44  3:48  Drone x3  
  48  4:00  Baneling Nest  
  47  4:07  Drone x4  
  47  4:08  Drone  
  52  4:19  Extractor, Queen  
  52  4:22  Extractor x2  
  51  4:24  Overlord x3  
  51  4:30  Roach Warren, Drone x3  
  53  4:35  Overlord  
  53  4:36  Drone  
  54  4:41  Lair  
  54  4:55  Queen  
  56  5:00  Evolution Chamber  
  56  5:01  Evolution Chamber  
  56  5:05  Drone x2  
  56  5:07  Drone  
  56  5:10  Drone  
  56  5:11  Drone  
  59  5:16  Drone x2  
  59  5:21  Drone x3  
  63  5:25  Drone x2  
  66  5:31  Queen  
  66  5:33  Drone  
  66  5:34  Drone x2  
  71  5:41  Hydralisk Den  
  70  5:42  Zerg Ground Armor Level 1  
  70  5:43  Spore Crawler  
  69  5:53  Queen  
  69  5:56  Overseer  
  71  6:06  Queen  
  71  6:08  Drone x3  
  71  6:09  Spire  
  75  6:19  Centrifugal Hooks  
  75  6:29  Lurker Den x2  
  73  6:36  Zergling x2  
  73  6:37  Zergling x6  
  77  6:42  Queen  
  77  6:45  Overlord  
  78  6:59  Overlord  
  78  7:01  Glial Reconstitution  
  78  7:03  Grooved Spines  
  78  7:07  Drone  
  78  7:08  Drone x16  
  94  7:13  Overlord  
  94  7:14  Overlord  
  94  7:17  Extractor, Drone  
  94  7:18  Extractor  
  93  7:23  Mutalisk x2  
  93  7:25  Drone  
  98  7:39  Infestation Pit  
  98  7:43  Overlord  
  97  7:50  Hatchery  
  97  7:51  Overlord x2  
  96  7:52  Mutalisk x2  
  96  7:53  Drone, Mutalisk  
  96  7:54  Zerg Missile Weapons Level 1  
  103  8:07  Mutalisk  
  103  8:11  Hatchery  
  104  8:14  Muscular Augments, Overlord  
  104  8:22  Baneling x5  
  104  8:24  Zerg Melee Weapons Level 1  
  104  8:27  Zergling x2  
  104  8:28  Zergling x24  
  117  8:47  Hatchery  
  116  8:51  Overlord  
  116  9:03  Mutalisk x7  
  129  9:10  Overlord  
  129  9:14  Drone x10  
  139  9:18  Hive  
  139  9:20  Pneumatized Carapace  
  139  9:21  Drone x2  
  139  9:23  Queen  
  143  9:28  Baneling x6  
  143  9:29  Baneling x2  
  143  9:35  Overlord  
  143  9:50  Hydralisk  
  143  9:51  Hydralisk x6  
  139  10:16  Zerg Flyer Armor Level 1  
  139  10:17  Spire  
  138  10:21  Extractor  
  138  10:23  Extractor  
  138  10:27  Queen  
  136  10:45  Hatchery  
  136  10:48  Hydralisk  
  136  10:49  Hydralisk x11  
  155  10:54  Hatchery  
  150  10:59  Overlord x2  
  150  11:04  Overlord  
  150  11:05  Hydralisk, Overlord  
  146  11:19  Overlord  
  146  11:23  Overlord  
  138  11:27  Queen  
  138  11:28  Drone x9  
  138  11:29  Drone x12  
  138  11:31  Zerg Missile Weapons Level 2, Zerg Ground Armor Level 2  
  161  11:34  Adrenal Glands  
  161  11:35  Evolution Chamber  
  160  11:42  Overseer x4  
  160  11:45  Overlord  
  160  11:46  Drone x2  
  160  11:47  Drone x6  
  168  12:07  Lurker x6  
  168  12:08  Lurker  
  173  12:09  Zergling x12  
  173  12:10  Zergling x14  
  186  12:16  Swarm Host  
  186  12:19  Overlord  
  186  12:21  Queen  
  191  12:27  Zergling x16  
  191  12:28  Zergling x2  
  200  12:33  Extractor  
  200  12:36  Extractor  
  198  12:43  Overlord  
  170  13:15  Hydralisk  
  170  13:17  Zergling x8  
  170  13:18  Zergling x44  
  184  13:22  Zergling x2  
  184  13:23  Zergling x18  
  174  13:39  Roach x7  
  141  13:50  Roach x7, Overlord  
  148  13:59  Roach x6  
  142  14:10  Hydralisk  
  142  14:11  Hydralisk x6  
  154  14:19  Ravager  
  154  14:20  Ravager x9  
  154  14:21  Hydralisk x3  
  154  14:22  Hydralisk x3  
  174  14:29  Roach  
  174  14:30  Roach x6  
  188  14:35  Hatchery  
  181  14:43  Roach x9  
  149  14:57  Ravager x5  
  149  14:58  Hydralisk  
  149  14:59  Hydralisk x12  
  163  15:10  Zergling x2  
  163  15:11  Zergling x16  
  141  15:31  Zergling x2  
  141  15:32  Zergling x24  
  127  15:39  Zergling x8  
  122  15:47  Roach x2  
  122  15:48  Roach x4  
Show
View Real Time Build Order
Export as new Build Order

NoobToss Terran - Winner!

Build Orders: Reaper Expand, Mech 

Get SALT Encoding   

  12  0:00  SCV  
  13  0:12  SCV  
  14  0:18  Supply Depot  
  14  0:24  SCV  
  15  0:39  SCV  
  15  0:40  Barracks  
  16  0:47  Refinery  
  16  0:51  SCV  
  17  1:03  SCV  
  18  1:16  SCV  
  19  1:30  Orbital Command  
  19  1:31  Reaper  
  20  1:47  Command Center  
  20  1:59  SCV  
  21  2:06  Supply Depot  
  21  2:11  Factory  
  21  2:16  SCV  
  21  2:19  Barracks Tech Lab  
  22  2:28  SCV  
  23  2:41  SCV  
  23  2:43  Refinery  
  24  2:53  SCV  
  25  3:05  SCV  
  26  3:08  Barracks Reactor  
  26  3:12  Orbital Command  
  26  3:18  Supply Depot  
  26  3:21  Siege Tank  
  29  3:36  SCV  
  30  3:42  SCV  
  30  3:45  Supply Depot  
  30  3:48  SCV  
  32  3:51  Factory  
  32  3:54  SCV  
  33  3:57  Siege Tank  
  33  4:00  SCV  
  37  4:04  Refinery  
  37  4:06  SCV  
  37  4:11  Supply Depot  
  37  4:12  SCV  
  38  4:18  SCV  
  39  4:24  SCV  
  39  4:30  SCV  
  41  4:36  SCV, Supply Depot  
  42  4:39  Siege Tank  
  42  4:42  SCV  
  46  4:48  SCV, Command Center  
  47  4:54  SCV  
  47  4:56  Refinery  
  47  4:57  Hellion  
  50  5:00  SCV  
  50  5:01  Supply Depot  
  50  5:06  SCV  
  52  5:12  SCV  
  52  5:13  Barracks Tech Lab  
  53  5:18  SCV, Engineering Bay, Armory  
  54  5:26  Factory  
  54  5:38  Hellion x2, Siege Tank  
  61  5:45  SCV x2  
  63  5:57  SCV x2  
  63  5:59  Missile Turret  
  63  6:03  Missile Turret  
  65  6:06  Orbital Command  
  65  6:10  Hellion, Siege Tank, Supply Depot  
  65  6:11  Hellion  
  72  6:22  SCV x2  
  74  6:34  SCV  
  74  6:35  SCV  
  74  6:38  SCV  
  77  6:43  Missile Turret  
  77  6:46  Hellion x2, SCV  
  83  6:47  SCV  
  83  6:48  Thor  
  83  6:51  Thor  
  96  6:57  Orbital Command  
  96  6:58  Factory  
  95  7:08  Infernal Pre-Igniter  
  95  7:20  SCV x2  
  97  7:24  SCV  
  98  7:31  Terran Vehicle Weapons Level 1  
  98  7:32  SCV x2  
  98  7:35  Hellion x2  
  98  7:36  SCV, Factory x2  
  108  7:37  Siege Tank  
  108  7:38  Refinery  
  108  7:39  Refinery  
  108  7:42  Factory Tech Lab  
  108  7:44  SCV  
  108  7:50  Missile Turret  
  109  7:57  Missile Turret  
  109  7:59  Missile Turret x2  
  109  8:03  Missile Turret  
  109  8:25  Factory Reactor, Factory Tech Lab  
  109  8:31  Command Center  
  109  8:41  Thor, Supply Depot, SCV x2  
  117  8:43  Supply Depot x2  
  117  8:44  Supply Depot  
  117  9:02  Thor  
  117  9:03  Hellion  
  117  9:04  Hellion, SCV x3  
  117  9:09  Supply Depot x2  
  130  9:10  Supply Depot  
  130  9:16  SCV x3  
  133  9:22  Sensor Tower  
  133  9:28  SCV x3  
  133  9:30  Siege Tank x2  
  142  9:32  Hellion x2  
  146  9:40  SCV x3  
  149  9:46  Thor  
  155  9:56  Widow Mine  
  155  9:57  Widow Mine x3  
  151  10:06  SCV x3  
  154  10:10  Missile Turret  
  154  10:15  Thor x2  
  154  10:18  SCV x3  
  154  10:21  Factory  
  169  10:30  SCV x2  
  169  10:32  Thor  
  176  10:38  Missile Turret  
  176  10:40  Missile Turret  
  176  10:43  Missile Turret  
  170  10:51  SCV x4  
  166  11:09  Planetary Fortress  
  165  11:14  SCV x3  
  160  11:23  Thor, Widow Mine x2  
  160  11:24  Thor x2  
  160  11:25  Hellion x2  
  182  11:26  SCV x3  
  185  11:38  SCV x2, Supply Depot  
  187  11:40  Factory Tech Lab, Supply Depot  
  187  11:50  SCV  
  188  11:59  Thor  
  188  12:00  SCV x2  
  196  12:02  SCV  
  196  12:06  Siege Tank  
  200  12:14  Missile Turret  
  200  12:19  Refinery x2  
  200  12:22  Missile Turret  
  200  12:23  Missile Turret  
  200  12:25  Missile Turret  
  200  12:35  Factory  
  200  12:38  Factory  
  187  13:10  Siege Tank  
  187  13:11  Hellion  
  187  13:12  Hellion x3  
  189  13:13  Hellion  
  189  13:14  Siege Tank  
  189  13:18  Siege Tank  
  188  13:23  Hellion x2  
  186  13:29  Thor  
  186  13:33  Missile Turret  
  186  13:34  Hellion, Missile Turret  
  189  13:36  Missile Turret  
  189  13:37  Missile Turret  
  188  13:46  Hellion  
  188  13:48  Hellion  
  188  13:53  Hellion  
  188  13:56  Hellion  
  188  14:01  Supply Depot x4  
  186  14:22  Thor x2  
  198  14:34  Thor  
  198  14:36  Thor  
  198  14:37  Thor  
  195  14:44  Hellion x4  
  195  14:45  Hellion  
  195  14:52  Command Center  
  181  15:11  Hellion x3, Thor  
  191  15:15  Hellion  
  191  15:19  Thor  
  199  15:32  Hellion  
  199  15:33  Hellion x3  
  180  15:41  Hellion  
Tags
 
Add a new tag
Caveats
  • Supply blocks, unpowered buildings, or Contaminate may cause inaccurate times.
  • Supply counts are checked every 10 seconds.